 Dungeon Crawl Stone Soup version 0.31-a0-675-g238779eb0a (webtiles) character file.

Game seed: 12086127341423015474

29032 osuadh the Fighter (level 12, -10/113 (126) HPs)
             Began as an Armataur Fighter on Sept 6, 2023.
             Was the Champion of Ru.
             Killed from afar by a steam dragon (31 damage)
             ... with a ball of steam
             ... on level 2 of the Lair of Beasts.
             The game lasted 00:42:49 (22698 turns).

osuadh the Fighter (Armataur Fighter)              Turns: 22698, Time: 00:42:50

HP:   -10/113 (126) AC: 13    Str: 21 (23) XL:     12   Next: 13%
MP:   21/21         EV:  8    Int:  9 (11) God:    Ru [******]
Gold: 1848          SH:  3    Dex:  5 (11) Spells: 11/11 levels left

rFire   x . .        l - +2 long sword (freeze)
rCold   x . .        c - +0 buckler
rNeg    . . .        D - +0 swamp dragon scales
rPois   +            (no helmet)
rElec   .            (no cloak)
rCorr   .            K - +0 pair of gloves
SInv    .            (no barding)
Will    .....        m - amulet of faith Stlth
                     g - +4 ring of protection
HPRegen 0.38/turn    p - ring of magical power
MPRegen 0.17/turn

%: roll, faith
@: lethally poisoned (-10 -> -11), about to teleport, heavily drained
A: large, rugged brown scales 3, deformed body, inability to use devices, hated
by all, inexperienced 1, temperature sensitive, armoured tail, roll, long
tongue, awkward tongue, no forms
a: Renounce Religion, Draw Out Power, Power Leap, Apocalypse


You were on level 2 of the Lair of Beasts.
You worshipped Ru.
Ru was exalted by your worship.
You visited 2 branches of the dungeon, and saw 14 of its levels.
You also visited: Bailey and Gauntlet.

You collected 1848 gold pieces.

Inventory:

Hand Weapons
 a - a +2 long sword of flaming
 b - the +7 sling "Uhadgh" {speed, Int-4 Dex+5}
   (You found it on level 5 of the Dungeon)

   Int-4:     It affects your intelligence (-4).
   Dex+5:     It affects your dexterity (+5).
 f - a +1 demon whip of venom
 l - a +2 long sword of freezing (weapon)
 n - the +1 battleaxe "Orb Guardian's Death" {chaos, rPois rF+++ rC+ Str-3}
   (You took it off a minotaur in a Gauntlet)

   Str-3:     It affects your strength (-3).
   rF+++:     It renders you almost immune to fire.
   rC+:       It protects you from cold.
   rPois:     It protects you from poison
 y - a +2 heavy shortbow
 N - a +1 long sword of electrocution
Missiles
 A - a throwing net
Armour
 c - a +0 buckler (worn)
 i - the +3 pair of gloves of Kodghiarph {-Tele Fly rC- SInv}
   (You found it in a Gauntlet)

   rC-:       It makes you vulnerable to cold.
   SInv:      It lets you see invisible.
   Fly:       It grants you flight.
   -Tele:     It prevents most forms of teleportation.
 z - a +2 chain mail of cold resistance
 C - +0 steam dragon scales
 D - +0 swamp dragon scales (worn)
 E - a +1 scale mail of fire resistance
 K - a +0 pair of gloves (worn)
Jewellery
 g - a +4 ring of protection (left hand)
 j - a ring of poison resistance
 m - an amulet of faith (around neck)
 p - a ring of magical power (right hand)
 q - the ring of Witrus {rCorr Str+3}
   (You took it off a gnoll bouda in a bailey)

   [ring of resist corrosion]

   Str+3:     It affects your strength (+3).
   rCorr:     It protects you from acid and corrosion.
 r - an amulet of guardian spirit
 B - a +6 ring of strength
 I - a ring of wizardry
Scrolls
 d - a scroll of summoning
 h - 4 scrolls of fog
 k - a scroll of teleportation
 o - 3 scrolls of amnesia
 t - 4 scrolls of enchant armour
 v - 2 scrolls of enchant weapon
 x - a scroll of revelation
 G - 2 scrolls of identify
 H - 2 scrolls of immolation
 M - a scroll of poison {unknown}
 O - a scroll of brand weapon {unknown}
 P - a scroll of vulnerability {unknown}
Potions
 e - a potion of might
 s - 2 potions of attraction
 u - 2 potions of cancellation
 w - a potion of ambrosia
 F - a potion of enlightenment
 J - a potion of invisibility {unknown}


   Skills:
 - Level 14.6 Fighting
 - Level 14.5 Long Blades
 + Level 5.2 Armour
 - Level 3.2 Shields


You had 11 spell levels left.
You didn't know any spells.
Your spell library contained the following spells:

 Spells                   Type           Power      Damage    Failure   Level
 Sandblast                Erth           0%         2d4       61%         1
 Ensorcelled Hibernation  Hex/Ice        0%         N/A       75%         2
 Passwall                 Tmut/Erth      0%         N/A       75%         2
 Portal Projectile        Hex/Tloc       0%         N/A       93%         3
 Stone Arrow              Conj/Erth      0%         3d7       93%         3
 Swiftness                Air            0%         N/A       93%         3
 Leda's Liquefaction      Hex/Erth       0%         N/A       100%        4
 Olgreb's Toxic Radiance  Pois           0%         N/A       100%        4
 Borgnjor's Vile Clutch   Necr/Erth      0%         N/A       100%        5
 Discord                  Hex            0%         N/A       100%        8
 Ignition                 Fire           0%         3d3       100%        8
 Call Canine Familiar     Summ           Unusable   N/A       N/A         3
 Animate Dead             Necr           Unusable   N/A       N/A         4
 Death Channel            Necr           Unusable   N/A       N/A         6

Dungeon Overview and Level Annotations

Branches:
Dungeon (12/15)            Temple (0/1) D:7            Lair (2/5) D:10
 Shoals (0/4) Lair:2        Snake (0/4) Lair:2          Orc (0/2) D:11
 Bailey (visited)         Gauntlet (visited)

Altars:
Cheibriados
Gozag
Kikubaaqudgha
Makhleb
Nemelex Xobeh
Ru
Uskayaw
Wu Jian
Xom

Shops:
D:6 [   D:9 :


Innate Abilities, Weirdness & Mutations

You are completely covered in rugged brown scales. (AC +3, +7% HP)
Armour fits poorly on your strangely shaped body.
You cannot study or use magical devices.
You are hated by all.
You are somewhat inexperienced. (-1 XL)
You are sensitive to extremes of temperature. (rF-, rC-)
You have a long armoured tail.
You roll when moving toward enemies. (Rampage)
Your long tongue fully drains potion bottles. (2x potion effects)
Your tongue gives you trouble enunciating. (1.5x scroll delay)
You cannot voluntarily change form.


Message History

The black mamba is severely wounded.
You feel sick. The skyshark bites you.
The skyshark tastes blood and grows stronger!
The skyshark closely misses you. The skyshark tail-slaps you!
You feel sick.
You feel sick. The steam dragon breathes steam at you.
The ball of steam hits you!! The steam scalds you terribly!
The skyshark attacks as it pursues you!
The skyshark bites you but does no damage.
The skyshark tail-slaps you. x2
The helpless black mamba fails to defend itself.
You slash the black mamba! You freeze the black mamba.
You kill the black mamba!
You are engulfed in a cloud of scalding steam.
You feel sick.
The skyshark is stunned by your conviction and fails to attack.
Your Armour skill increases to level 5!
As you slowly read the scroll of teleportation, it crumbles to dust.
You feel strangely unstable.
You are engulfed in a cloud of scalding steam.
You feel sick. The skyshark bites you!!
* * * LOW HITPOINT WARNING * * *
The skyshark enters a blood-rage!
The skyshark tail-slaps you.
* * * LOW HITPOINT WARNING * * *
The skyshark closely misses you.
The steam dragon bites you but does no damage.
The steam dragon barely misses you. The skyshark bites you.
* * * LOW HITPOINT WARNING * * *
You focus your inner power and slow the skyshark in retribution!
The skyshark tail-slaps you but does no damage.
You block the skyshark's attack.
You feel sick.
The steam dragon is stunned by your conviction and fails to attack.
The skyshark attacks as it pursues you!
The skyshark is stunned by your conviction and fails to attack.
You feel sick. The steam dragon breathes steam at you.
The ball of steam hits you!! The steam scalds you terribly!
You die...

................,...,,,,,,,,,,,,,
...................,,,,,,,,,,,,,,
#.................,,,**,**,,,,,,*
.............,...#*,*#,***,,,,,,,
#.....#####.###..#*,..,,**,,,,,,*
#....###.##..##..##.....**,,,,,,*
#....##......P..........**,,,,,,*
#....##..........##.....**,,,,,,*
.....#.......#..@.......**,,,,,,,
#.....#.......#.ยง#......**,,,,,,,
#....#...###.#lD.#*#..##**,,,,,,,
.....P..###.###..P.#*..#,,,,,,,,,
......P.....,,........,.,,,,,,,,,
#.#.#...##.#*.#P##P###*,**,,,***,
############*####*## ******** **


You could see a skyshark (berserk, slow) and a steam dragon (catching breath).

Vanquished Creatures
  A balrug (Gauntlet)
  A minotaur (Gauntlet)
  Josephine (D:11)
  A hydra (D:10)
  3 two-headed ogres
  Sonja (D:11)
  Urug (D:11)
  Amaemon (D:8)
  Lodul (D:11)
  Pikel (D:6)
  A manticore (D:11)
  A deep elf pyromancer (D:12)
  2 harpies (Lair:2)
  A black mamba (Lair:2)
  Joseph (D:7)
  3 cane toads
  An orange demon (D:8)
  4 komodo dragons (Lair:1)
  Maggie (D:7)
  2 rime drakes (Gauntlet)
  2 kobold demonologists (D:11)
  5 trolls
  A slime creature (D:12)
  A ynoxinul (Gauntlet)
  A vampire (D:12)
  7 wraiths
  4 wyverns
  30 yaks
  3 steam dragons
  2 nagas (Lair:2)
  3 acid dragons
  2 hell hounds (Gauntlet)
  11 water moccasins
  Duvessa (D:7)
  7 orc warriors
  A sky beast (D:7)
  2 black bears
  12 wolves
  7 ogres
  4 centaurs
  4 kobold brigands
  11 gnoll sergeants
  5 bullfrogs
  Dowan (D:7)
  8 wights
  15 killer bees
  2 electric eels
  4 howler monkeys
  4 hounds
  5 gnoll boudas (Bailey)
  2 jellies
  5 orc priests
  3 sleepcaps
  Jessica (D:3)
  6 orc wizards
  4 iguanas (D:5)
  Terence (D:2)
  12 adders
  33 gnolls
  4 shadow imps
  A white imp (D:6)
  An ufetubus (D:6)
  3 dart slugs
  31 orcs
  5 bats
  4 endoplasms
  4 giant cockroaches
  12 goblins
  9 hobgoblins
  5 jackals
  24 kobolds
  3 quokkas
  3 ball pythons
  3 frilled lizards
  3 rats
  A spectral kobold (D:7)
377 creatures vanquished.

Vanquished Creatures (others)
  A two-headed ogre (D:10)
  A sky beast (D:7)
  A centaur (D:7)
3 creatures vanquished.

Grand Total: 380 creatures vanquished

Notes
Turn   | Place    | Note
-------+----------+-------------------------------------------
     0 | D:1      | osuadh the Armataur Fighter began the quest for the Orb.
     0 | D:1      | Reached XP level 1. HP: 19/19 MP: 1/1
   229 | D:1      | Reached XP level 2. HP: 27/27 MP: 2/2
  1009 | D:2      | Reached XP level 3. HP: 33/33 MP: 3/3
  1142 | D:2      | Noticed Terence
  1151 | D:2      | HP: 1/33 [Terence/+0 falchion (6)]
  1152 | D:2      | Killed Terence
  1336 | D:1      | Reached XP level 4. HP: 11/42 MP: 4/4
  1487 | D:2      | Found a sacrificial altar of Ru.
  1500 | D:2      | Became a worshipper of Ru the Awakened
  2282 | D:2      | Reached XP level 5. HP: 44/49 MP: 5/5
  2408 | D:3      | Noticed Jessica
  2414 | D:3      | Killed Jessica
  2554 | D:3      | Found a faded altar of an unknown god.
  2910 | D:3      | Gained mutation: You cannot voluntarily change form. [Ru
                  | sacrifice]
  3315 | D:4      | Reached XP level 6. HP: 51/56 MP: 6/6
  3529 | D:4      | Found an ancient bone altar of Kikubaaqudgha.
  4241 | D:5      | Entered Level 5 of the Dungeon
  4241 | D:5      | Noticed a water moccasin
  4466 | D:5      | Reached skill level 5 in Fighting
  4547 | D:5      | Gained mutation: You cannot study or use magical devices.
                  | [Ru sacrifice]
  4547 | D:5      | Reached * piety under Ru
  4547 | D:5      | Reached ** piety under Ru
  4675 | D:5      | Killed a water moccasin
  4986 | D:5      | Reached skill level 5 in Long Blades
  5180 | D:5      | Reached XP level 7. HP: 59/65 MP: 7/7
  5787 | D:5      | Identified the +7 sling "Uhadgh" {speed, Int-4 Dex+5}
  6026 | D:6      | Reached XP level 8. HP: 65/75 MP: 8/8
  6317 | D:6      | Found a blossoming altar of Fedhas.
  6416 | D:6      | Found Ighi's Armour Shop.
  7318 | D:6      | Gained mutation: You are somewhat inexperienced. (-1 XL)
                  | [Ru sacrifice]
  7318 | D:6      | Reached XP level 7. HP: 70/70 MP: 16/16
  7318 | D:6      | Reached *** piety under Ru
  7318 | D:6      | Reached **** piety under Ru
  7502 | D:7      | Noticed Joseph
  7644 | D:7      | Killed Joseph
  8000 | D:7      | Reached XP level 8. HP: 70/79 MP: 8/8
  8050 | D:7      | Noticed Dowan
  8050 | D:7      | Noticed Duvessa
  8067 | D:7      | Killed Dowan
  8467 | D:7      | Found a staircase to the Ecumenical Temple.
  8489 | D:7      | Noticed Pikel
  8533 | D:6      | Killed Pikel
  8725 | D:7      | Killed Duvessa
  8778 | D:7      | Noticed Maggie
  8801 | D:7      | Killed Maggie
  9029 | D:7      | Found a hazy altar of Hepliaklqana.
  9594 | D:8      | Noticed an orange demon
  9597 | D:8      | Reached XP level 9. HP: 77/90 MP: 9/9
  9704 | D:8      | Found a flagged portal.
  9713 | Bailey   | Entered a bailey
  9727 | Bailey   | Gained mutation: You are hated by all. [Ru sacrifice]
  9727 | Bailey   | Reached ***** piety under Ru
 10240 | Bailey   | Reached skill level 10 in Fighting
 10642 | Bailey   | Identified the ring of Witrus {rCorr Str+3}
 10654 | Bailey   | Reached skill level 10 in Long Blades
 11516 | D:8      | Noticed Amaemon
 11731 | D:8      | Killed Amaemon
 11737 | D:8      | Killed an orange demon
 12680 | D:9      | Reached XP level 10. HP: 102/102 MP: 10/10
 12992 | D:9      | Found Cepad's Book Boutique.
 14012 | D:10     | Entered Level 10 of the Dungeon
 14031 | D:10     | Found a staircase to the Lair.
 14051 | D:10     | Found a sparkling altar of Nemelex Xobeh.
 14120 | D:10     | Found a snail-covered altar of Cheibriados.
 14395 | D:10     | Noticed a two-headed ogre
 14409 | D:10     | Killed a two-headed ogre
 14526 | D:10     | Found a shimmering altar of Xom.
 14551 | D:10     | Noticed a two-headed ogre
 14553 | D:10     | Killed a two-headed ogre
 14596 | D:10     | Found a burning altar of Makhleb.
 14598 | D:10     | Found an opulent altar of Gozag.
 14602 | D:10     | Gained mutation: You are sensitive to extremes of
                  | temperature. (rF-, rC-) [Ru sacrifice]
 14602 | D:10     | Reached ****** piety under Ru
 14630 | D:10     | Noticed a two-headed ogre
 14638 | D:10     | Killed a two-headed ogre
 14875 | D:10     | Found an ornate altar of the Wu Jian Council.
 14876 | D:10     | Found a hide-covered altar of Uskayaw.
 15004 | D:11     | Noticed an eight-headed hydra
 15202 | D:10     | Killed a four-headed hydra
 15599 | D:11     | Found the +1 robe of Vines {NoPotionHeal Regen++++}
 15615 | D:11     | Noticed Urug
 16046 | D:11     | Noticed a two-headed ogre
 16059 | D:11     | Killed a two-headed ogre
 16408 | D:11     | Noticed Lodul
 16412 | D:11     | Killed Lodul
 16413 | D:11     | Reached XP level 11. HP: 98/114 MP: 11/11
 16488 | D:11     | Noticed Josephine
 16504 | D:11     | Killed Josephine
 16730 | D:11     | Found a staircase to the Orcish Mines.
 16930 | D:11     | Noticed Sonja
 16943 | D:11     | Killed Sonja
 17456 | D:11     | Killed Urug
 18653 | D:12     | Noticed a two-headed ogre
 18711 | Lair:1   | Entered Level 1 of the Lair of Beasts
 21084 | Lair:2   | Found a gate leading to a gauntlet.
 21091 | Lair:2   | Found a staircase to the Snake Pit.
 21093 | Gauntlet | Entered a Gauntlet
 21093 | Gauntlet | Found a transporter.
 21093 | Gauntlet | Found a transporter.
 21095 | Gauntlet | Found a transporter.
 21095 | Gauntlet | Found a transporter.
 21095 | Gauntlet | Noticed a catoblepas
 21098 | Gauntlet | Found a transporter.
 21130 | Gauntlet | Found a transporter.
 21133 | Gauntlet | Found a transporter.
 21133 | Gauntlet | Found a transporter.
 21138 | Gauntlet | Noticed a balrug
 21233 | Gauntlet | Found a transporter.
 21501 | Gauntlet | Found a transporter.
 21509 | Gauntlet | Found a runed translucent door.
 21629 | Gauntlet | Found a transporter.
 21629 | Gauntlet | Found a transporter.
 21642 | Gauntlet | HP: 3/118 [hell hound (10)]
 21645 | Gauntlet | Killed a balrug
 21646 | Gauntlet | Reached XP level 12. HP: 28/116 MP: 12/12
 21654 | Gauntlet | Found a transporter.
 21657 | Gauntlet | Identified the +3 pair of gloves of Kodghiarph {-Tele Fly
                  | rC- SInv}
 21882 | Gauntlet | Identified the +1 battleaxe "Orb Guardian's Death" {chaos,
                  | rPois rF+++ rC+ Str-3}
 21882 | Gauntlet | Noticed a minotaur
 21883 | Gauntlet | Killed a minotaur
 22696 | Lair:2   | Reached skill level 5 in Armour
 22698 | Lair:2   | Killed from afar by a steam dragon

Illustrated notes

Levels and vault maps discovered:
D:1:      dpeg_arrival_yet_another_circle, layout_loops_ring
D:2:      layout_rooms, basic_altar, uniq_terence
D:3:      minmay_razor_zed, layout_basic, basic_ecumenical_altar, uniq_jessica
D:4:      cheibrodos_greedy_goblins, layout_basic,
          nicolae_kikubaaqudgha_miasma_corner
D:5:      cheibrodos_barr_body, layout_basic, minmay_door_square
D:6:      layout_basic, fedhas_altar_1, serial_shops, shop,
          hangedman_decor_opposing
D:7:      layout_cave_pools, nicolae_hepliaklqana_monster_ancestors,
          minmay_temple_entry_hall, hangedman_decor_clover_reticule,
          uniq_joseph, uniq_pikel, uniq_maggie, uniq_duvessa
D:8:      layout_basic, enter_bailey_1, kennysheep_generic_room_13, uniq_amaemon
D:9:      layout_stronghold, serial_shops, shop, minmay_quadrilaterals
D:10:     cheibrodos_iron_armory, layout_irregular_city,
          nemelex_spade_bored_becter, xom_butterflies,
          gammafunk_temple_overflow_forgotten, gammafunk_temple_overflow_pools
D:11:     layout_roguey, erik_orc_2, chequers_arboretum,
          hellmonk_guarded_unrand_vines, uniq_josephine, uniq_sonja, uniq_urug,
          uniq_lodul
D:12:     layout_basic, lemuel_another_geyser, uniq_fannar
Lair:1:   layout_cave_pods, serial_bayou_shore_a, grunt_megastairs_2,
          infiniplex_staircase_pool
Lair:2:   layout_regular_city, nicolae_shoals_entry_roost,
          guppyfry_snake_entry_island, gauntlet_entry_generic,
          guppyfry_lair_drakes

Skill      XL: |  1  2  3  4  5  6  7  8  9 10 11 12 |
---------------+-------------------------------------+-----
Long Blades    | 2 3 4 5 6 9 11 12 14 | 14.5
Fighting       | 3 4 5 8 9 11 13 14 | 14.6
Armour         | 5 |  5.2
Shields        | |  3.2

Action                     |  1- 3 |  4- 6 |  7- 9 | 10-12 || total
---------------------------+-------+-------+-------+-------++-------
  Melee: Long sword        |   111 |   200 |   242 |   767 ||  1320
         Tailslap          |     5 |    26 |    58 |   144 ||   233
         Dagger            |       |    60 |   117 |       ||   177
   Fire: Sling             |       |    11 |   372 |    31 ||   414
 Invoke: Sacrifice Forms   |       |     1 |       |       ||     1
         Sacrifice Artific |       |     1 |       |       ||     1
         Sacrifice Experie |       |       |     1 |       ||     1
         Sacrifice Love    |       |       |     1 |       ||     1
         Power Leap        |       |       |       |    10 ||    10
         Apocalypse        |       |       |       |     3 ||     3
         Sacrifice Resista |       |       |       |     1 ||     1
         Reject Sacrifices |       |       |       |     1 ||     1
    Use: Potion            |     1 |     2 |     8 |    15 ||    26
         Scroll            |       |       |     7 |     8 ||    15
   Stab: Invisible         |       |       |     7 |    14 ||    21
         Paralysed         |       |       |     2 |    16 ||    18
         Distracted        |       |       |       |     2 ||     2
 Armour: Scale mail        |   103 |   197 |    34 |       ||   334
         Skin              |       |     4 |       |       ||     4
         Steam dragon scal |       |       |   113 |       ||   113
         Chain mail        |       |       |    52 |       ||    52
         Swamp dragon scal |       |       |   324 |   635 ||   959
  Dodge: Dodged            |    51 |    96 |   228 |   217 ||   592
  Block: Buckler           |    24 |    49 |   124 |   114 ||   311

Table legend: (Time is in decaauts)
 A = Elapsed time spent in this place.
 B = Non-inter-level travel time spent in this place.
 C = Inter-level travel time spent in this place.
 D = Time resting spent in this place.
 E = Time spent auto-exploring this place.
 F = Levels seen in this place.
 G = Mean time per level.
                   A        B        C        D        E       F      G
               +--------+--------+--------+--------+--------+-----+--------+
         Total |  22599 |  21985 |    614 |   7756 |   9642 |  16 | 1412.4 |
       Dungeon |  16974 |  16376 |    598 |   5047 |   7860 |  12 | 1414.5 |
          Lair |   3057 |   3042 |     15 |   1292 |   1344 |   2 | 1528.5 |
        Bailey |   1723 |   1723 |      0 |    874 |    403 |   1 | 1723.0 |
      Gauntlet |    844 |    844 |      0 |    542 |     35 |   1 |  844.0 |
               +--------+--------+--------+--------+--------+-----+--------+

Top non-repeatable levels by time:
    D:11: 2625 daAuts
  Lair:1: 2029 daAuts
     D:9: 2014 daAuts
     D:1: 1764 daAuts
  Bailey: 1723 daAuts
     D:6: 1720 daAuts
     D:5: 1685 daAuts
     D:8: 1567 daAuts
     D:7: 1439 daAuts
    D:10: 1379 daAuts
     D:4: 1064 daAuts
  Lair:2: 1028 daAuts
     D:3: 885 daAuts
Gauntlet: 844 daAuts
     D:2: 635 daAuts
